 Dungeon Crawl Stone Soup version 0.30-a0-358-g0d69a1922f (webtiles) character file.

Game seed: 11820705907486134519

30 blackman the Sneak (level 3, -12/43 HPs)
             Began as a Human Delver on Nov 8, 2022.
             Mangled by a gnoll sergeant
             ... wielding a +3 spear of venom
              (17 damage)
             ... on level 5 of the Dungeon.
             The game lasted 00:00:34 (92 turns).

blackman the Sneak (Human Delver)                     Turns: 92, Time: 00:00:35

Health: -12/43     AC:  3    Str: 12    XL:     3   Next: 37%
Magic:  3/3        EV: 12    Int: 10    God:
Gold:   74         SH:  0    Dex: 16    Spells: 2/2 levels left

rFire   . . .      SeeInvis .    a - +0 falchion
rCold   . . .      Faith    .    (no shield)
rNeg    . . .      Spirit   .    b - +0 leather armour
rPois   .          Reflect  .    (no helmet)
rElec   .          Harm     .    (no cloak)
rCorr   .          Rampage  .    (no gloves)
Will    .....                    (no boots)
Stlth   ..........               (no amulet)
HPRegen 0.27/turn                (no ring)
MPRegen 0.08/turn                (no ring)

@: berserking, lethally poisoned (-12 -> -22), marked, very quick
A: no striking features
a: no special abilities


You were on level 5 of the Dungeon.
You visited 1 branch of the dungeon, and saw 1 of its levels.

You collected 74 gold pieces.

Inventory:

Hand Weapons
 a - a +0 falchion (weapon)
Armour
 b - a +0 leather armour (worn)
Wands
 g - a wand of digging (3)
Scrolls
 c - a scroll of fog
 d - a scroll of magic mapping
Potions
 f - a potion of haste
 i - a potion of lignification {unknown}


   Skills:
 - Level 3.0 Fighting
 + Level 3.5 Long Blades
 - Level 2.0 Dodging
 - Level 5.0 Stealth


You had 2 spell levels left.
You didn't know any spells.
Your spell library was empty.

Dungeon Overview and Level Annotations

Branches:
Dungeon (5/15)
 Temple: D:4-7

Altars:
Sif Muna


Message History

The gnoll sergeant barely misses your orc.
Your orc hits the gnoll sergeant with a +0 club.
An orc comes into view.
It is wielding a +0 hand axe and carrying a wand of iceblast (9).
An orc comes into view. It is wielding a +0 hand axe.
Your jackal dissolves into shadows!
Your jackal closely misses the gnoll sergeant.
Your orc hits the gnoll sergeant but does no damage.
The orc zaps a wand.
The mass of ice explodes!
The iceblast engulfs you!
The gnoll sergeant closely misses your orc.
The orc wizard gestures at you while chanting.
Your ice beast appears confused.
Your jackal bites the gnoll sergeant but does no damage.
Your ice beast hits your orc.
Your ice beast freezes your orc!
Your orc dies!
Your orc's corpse dissolves into shadows!
Your jackal bites the gnoll sergeant but does no damage.
The orc wizard hits your ice beast but does no damage.
As you read the scroll of fear, it crumbles to dust.
You assume a fearsome visage.
The orc warrior looks frightened!
The orc looks frightened! x2; The orc wizard looks frightened!
The gnoll sergeant looks frightened!
The orc looks frightened!
The adder resists with some effort.
Your jackal bites the gnoll sergeant but does no damage.
Your jackal's attack snaps the gnoll sergeant out of its fear.
A gnoll comes into view. It is wielding a +0 club.
The gnoll sergeant hits you from afar with a +3 spear of venom!
* * * LOW HITPOINT WARNING * * *
You are lethally poisoned!
The orc wizard gestures wildly while chanting.
The orc wizard flickers and vanishes!
Deactivating autopickup; reactivate with Ctrl-A.
It was a potion of berserk rage.
A red film seems to cover your vision as you go berserk!
You feel yourself moving faster!
You feel mighty!
* * * LOW HITPOINT WARNING * * *
You feel very sick.
Your jackal bites the gnoll sergeant.
The gnoll barely misses your jackal.
The orc cries, "Mercy!"
The gnoll sergeant hits you from afar with a +3 spear of venom!
You die... ###..# #.# .## ..#..# #.# .S## ..#.## #.# #oo

..'.# #.# #.# ..#.##
###.###{##
..#..######..g.gh..##
###...........##g..)#
....#######.####.Y.##
#.### #.# #@..# #.#
#.# #...# #.# #h#
#..## ..# #.# ##.# .#
#.# #.# #.#


#og #.# #### #.# #.# You could see an orc warrior (fleeing), a gnoll sergeant
(ally target), 2 gnolls, an adder, 2 orcs, a friendly ice beast (summoned,
confused) and a friendly jackal (summoned).

Vanquished Creatures (collateral kills)
  An orc priest (D:5)
  An orc (D:5)
2 creatures vanquished.

Notes
Turn   | Place    | Note
-------+----------+-------------------------------------------
     0 | D:5      | blackman the Human Delver began the quest for the Orb.
     0 | D:5      | Reached XP level 1. HP: 18/18 MP: 1/1
    18 | D:5      | Found a shimmering blue altar of Sif Muna.
    79 | D:5      | Noticed a gnoll sergeant
    79 | D:5      | Noticed an orc priest
    82 | D:5      | Noticed an orc wizard
    83 | D:5      | Noticed an orc warrior
    85 | D:5      | Killed an orc priest
    86 | D:5      | Reached XP level 2. HP: 24/24 MP: 2/2
    86 | D:5      | Reached XP level 3. HP: 29/29 MP: 3/3
    92 | D:5      | Mangled by a gnoll sergeant

Illustrated notes

Levels and vault maps discovered:
D:5:      layout_loops_ring, amcnicky_altar_gilded, minmay_misc_feat_square,
          guppyfry_early_orc_mine

Skill      XL: |  1 |
---------------+----+-----
Long Blades    | 3 |  3.5
Fighting       | |  3.0
Dodging        | |  2.0
Stealth        | |  5.0

Action                   || total
-------------------------++-------
  Use: Scroll            ||     2
       Potion            ||     1

Table legend: (Time is in decaauts)
 A = Elapsed time spent in this place.
 B = Non-inter-level travel time spent in this place.
 C = Inter-level travel time spent in this place.
 D = Time resting spent in this place.
 E = Time spent auto-exploring this place.
 F = Levels seen in this place.
 G = Mean time per level.
                   A        B        C        D        E       F      G
               +--------+--------+--------+--------+--------+-----+--------+
         Total |     92 |     92 |      0 |      0 |     63 |   1 |   92.0 |
       Dungeon |     92 |     92 |      0 |      0 |     63 |   1 |   92.0 |
               +--------+--------+--------+--------+--------+-----+--------+

Top non-repeatable levels by time:
     D:5: 92 daAuts
